Map: Orbital Shipyard

Players

Pillowpants

  • Race: Protoss Protoss
  • League: Platinum

LilDicky - Winner!

  • Race: Terran Terran
  • League: Diamond

VOD

http://www.twitch.tv/tumescentpie

Description

Time

  • Played on: Jan. 5, 2016, 7:56 p.m.
  • Length: 3:40
Show
View Real Time Build Order
Export as new Build Order

Pillowpants Protoss 

Build Orders:  

Get SALT Encoding   

  12  0:01  Probe (Chrono Boost)  
  13  0:11  Probe (Chrono Boost)  
  14  0:18  Pylon  
  14  0:25  Probe (Chrono Boost)  
  15  0:36  Gateway  
  15  0:38  Probe (Chrono Boost)  
  16  0:49  Probe (Chrono Boost)  
  17  0:52  Assimilator  
  17  0:54  Assimilator  
  17  0:59  Probe (Chrono Boost)  
  18  1:10  Pylon  
  18  1:17  Probe (Chrono Boost)  
  19  1:26  Cybernetics Core  
  19  1:28  Probe (Chrono Boost)  
  20  1:38  Probe (Chrono Boost)  
  21  1:49  Probe (Chrono Boost), Zealot  
  24  2:02  Mothership Core (Chrono Boost)  
  24  2:07  Gateway  
  26  2:19  Adept  
  26  2:20  Probe (Chrono Boost)  
  29  2:33  Probe  
  30  2:48  Nexus  
  30  2:59  Pylon  
  30  3:10  Probe  
  31  3:19  Pylon  
  33  3:22  Probe  
Show
View Real Time Build Order
Export as new Build Order

LilDicky Terran - Winner!

Build Orders:  

Get SALT Encoding   

  12  0:02  SCV  
  14  0:14  SCV  
  14  0:26  SCV, Supply Depot  
  15  0:33  Refinery  
  15  0:49  SCV  
  16  0:53  Barracks  
  16  1:01  SCV  
  17  1:13  SCV  
  18  1:27  SCV, Barracks x2  
  19  1:41  Marine  
  19  1:44  Factory  
  20  1:54  Orbital Command  
  20  2:04  Supply Depot  
  21  2:08  Barracks Reactor  
  20  2:18  Barracks Tech Lab x2  
  20  2:23  Refinery  
  20  2:26  SCV  
  21  2:38  SCV  
  21  2:41  Marine x2  
  24  2:53  Marine  
  24  2:54  Marine  
  24  2:55  Widow Mine  
  28  2:59  Marine  
  28  3:00  Marine  
  28  3:02  SCV  
  31  3:13  Marine  
  31  3:17  Supply Depot  
Tags
 
Add a new tag
Caveats
  • Supply blocks, unpowered buildings, or Contaminate may cause inaccurate times.
  • Supply counts are checked every 10 seconds.